 Dungeon Crawl Stone Soup version 0.25-a0-834-g55863b0b92 (webtiles) character file.

Game seed: 7128575569785708466, levelgen mode: deterministic

4859 Esekla the Thaumaturge (level 10, -14/53 HPs)
             Began as a Tengu Venom Mage on Apr 23, 2020.
             Was a Priest of Qazlal.
             Demolished by an ogre
             ... wielding a +0 antimagic giant club
              (15 damage)
             ... on level 9 of the Dungeon.
             The game lasted 01:05:40 (6610 turns).

Esekla the Thaumaturge (Tengu Venom Mage)           Turns: 6610, Time: 01:05:41

Health: -14/53     AC:  9    Str:  9    XL:     10   Next: 50%
Magic:  17/24      EV: 14    Int: 18    God:    Qazlal [***...]
Gold:   375        SH:  0    Dex: 15    Spells: 13/27 levels left

rFire    . . .     SeeInvis .   E - +1 long sword (protect)
rCold    . . .     Gourm    .   (no shield)
rNeg     . . .     Faith    .   A - +0 steam dragon scales
rPois    .         Spirit   .   (helmet restricted)
rElec    .         Reflect  .   r - +1 cloak
rCorr    .         Harm     .   o - +0 pair of gloves
MR       .....                  (boots unavailable)
Stlth    +.........             i - amulet of magic regeneration
HPRegen  0.17/turn              a - ring of stealth
MPRegen  0.44/turn              (no ring)

@: confused
A: beak, talons 3, able to fly
a: Fly, Upheaval, Elemental Force, Renounce Religion


You were on level 9 of the Dungeon.
You worshipped Qazlal.
Qazlal was most pleased with you.
You were not hungry.

You visited 1 branch of the dungeon, and saw 9 of its levels.

You collected 375 gold pieces.

Inventory:

Hand Weapons
 l - a +0 long sword
 s - a +1 rapier of speed
 t - a +2 vampiric trident
 v - a +1 dagger of venom
 B - a +0 halberd of flaming
 E - a +1 long sword of protection (weapon)
Missiles
 h - 5 poisoned darts (quivered)
Armour
 o - a +0 pair of gloves (worn)
 p - a +0 leather armour
 r - a +1 cloak (worn)
 A - +0 steam dragon scales (worn)
Jewellery
 a - a ring of stealth (left hand)
 d - an uncursed amulet of regeneration
 i - an amulet of magic regeneration (around neck)
Wands
 m - a wand of digging (6)
 C - a wand of iceblast (5)
 D - a wand of random effects (17)
Scrolls
 b - a scroll of magic mapping {unknown}
 e - 2 scrolls of identify
 g - 2 scrolls of enchant weapon
 j - 6 scrolls of teleportation
 k - 3 scrolls of amnesia
 x - a scroll of noise
 y - 2 scrolls of remove curse {unknown}
 z - a scroll of brand weapon {unknown}
Potions
 f - a potion of heal wounds
 n - a potion of brilliance
 q - 3 potions of curing
 u - 2 potions of lignification {unknown}
 w - a potion of cancellation
 F - a potion of might {unknown}
 G - a potion of magic {unknown}
Comestibles
 c - 13 rations
 H - 3 chunks of flesh


   Skills:
 + Level 2.0 Fighting
 + Level 4.7(4.9) Short Blades
 + Level 1.3(3.3) Long Blades
 + Level 1.9 Polearms
 + Level 0.9 Throwing
 - Level 4.2 Armour
 + Level 4.1 Dodging
 - Level 2.0 Stealth
 * Level 9.0 Spellcasting
 * Level 4.3 Conjurations
 + Level 1.3 Transmutations
 + Level 3.6 Fire Magic
 + Level 6.6 Air Magic
 * Level 5.4 Poison Magic


You had 13 spell levels left.
You knew the following spells:

 Your Spells              Type           Power        Failure   Level  Hunger
c - Mephitic Cloud        Conj/Pois/Air  ####....     2%          3    None
e - Searing Ray           Conj           ###...       2%          2    None
n - Ignite Poison         Fire/Tmut/Pois ###.....     6%          3    None
v - Poisonous Vapours     Pois/Air       ####..       1%          2    None
x - Olgreb's Toxic Radia  Pois           ####....     10%         4    ###....

Your spell library contained the following spells:

 Spells                   Type           Power        Failure   Level  Hunger
 Magic Dart               Conj           ###.         1%          1    None
 Sting                    Tmut/Pois      ###.         2%          1    None
 Dazzling Flash           Conj/Hex       ###...       11%         3    None
 Fulminant Prism          Conj/Hex       ###.......   34%         4    ###....
 Iskenderun's Mystic Bla  Conj/Tloc      ###.....     34%         4    ###....


Dungeon Overview and Level Annotations

Branches:
Dungeon (9/15)             Temple (0/1) D:5
   Lair: D:8-11         Orc: D:9-12

Altars:
Ashenzari
Dithmenos
Makhleb
Qazlal


Innate Abilities, Weirdness & Mutations

You have a beak for a mouth.
You have claws for feet.
You can fly continuously.


Message History

You hear a shout!
You hear an angry hiss.
You hear a howl!
There is a stone staircase leading up, spattered with blood here.
The bullfrog hits you. The yak closely misses you.
The ogre hits you with a +0 antimagic giant club!
You feel your power leaking away.
The orc priest mumbles some strange prayers to Beogh against you.
Beogh smites you!
* * * LOW HITPOINT WARNING * * *
You block the phantom's attack. The orc wizard casts a spell at you.
You are confused.
The bullfrog barely misses you.
In your confused state, you trip and fall back down the stairs.
* * * LOW HITPOINT WARNING * * *
The yak gores you but does no damage. The phantom hits you!
* * * LOW HITPOINT WARNING * * *
The phantom blinks!
The bullfrog hits you.
* * * LOW HITPOINT WARNING * * *
The ogre hits you with a +0 antimagic giant club!
You die...

## .W . #.##.
.. #.... ...
#....
....#...## .
.......#
....#.Y§F#.#
.......@O..#
....###).(....#
. #.......#
#...o...#
#........
#....o...
.....o.o.
##.......


You could see a yak, a phantom, an ogre, a bullfrog, 2 orc priests, an orc
wizard and an orc.

Vanquished Creatures
  A two-headed ogre (D:9)
  Maggie (D:7)
  Prince Ribbit (D:6)
  A hippogriff (D:7)
  2 yaks (D:8)
  A hungry ghost (D:8)
  Eustachio (D:4)
  Menkaure (D:4)
  A water moccasin (D:9)
  2 ice beasts (D:5)
  4 ogres
  An eye of draining (D:8)
  2 phantoms
  A centaur (D:7)
  A crocodile (D:8)
  A big kobold (D:7)
  Blork the orc (D:4)
  4 bullfrogs
  A wyvern zombie (D:6)
  6 scorpions
  2 howler monkeys
  A centaur zombie (D:6)
  A crimson imp (D:8)
  7 hounds
  A quasit (D:8)
  2 jellies
  3 orc wizards
  Crazy Yiuf (D:3)
  3 orc priests
  A centaur skeleton (D:5)
  2 iguanas
  Ijyb (D:3)
  Terence (D:3)
  9 worker ants
  A hound skeleton (D:7)
  A hound zombie (D:5)
  Robin (D:4)
  A howler monkey zombie (D:7)
  A worker ant zombie (D:6)
  A howler monkey skeleton (D:4)
  11 adders
  A shadow imp (D:5)
  An adder zombie (D:3)
  3 worms
  2 dart slugs
  3 leopard geckos
  25 orcs
  5 ball pythons
  4 giant cockroaches
  11 goblins
  6 hobgoblins
  8 jackals
  5 quokkas
  4 bats
  7 frilled lizards
  A jackal skeleton (D:4)
  10 kobolds
  2 leopard gecko skeletons
  2 quokka skeletons
  A quokka zombie (D:5)
  2 rats (D:2)
189 creatures vanquished.

Vanquished Creatures (others)
  4 toadstools (D:1)
4 creatures vanquished.

Grand Total: 193 creatures vanquished

Notes
Turn   | Place    | Note
-------+----------+-------------------------------------------
     0 | D:1      | Esekla the Tengu Venom Mage began the quest for the Orb.
     0 | D:1      | Reached XP level 1. HP: 10/10 MP: 4/4
   391 | D:1      | Reached XP level 2. HP: 11/15 MP: 4/6
   414 | D:1      | Learned a level 2 spell: Poisonous Vapours
   671 | D:2      | Reached skill level 3 in Spellcasting
   671 | D:2      | Reached XP level 3. HP: 19/19 MP: 2/8
   829 | D:2      | Reached skill level 1 in Armour
   988 | D:2      | Reached skill level 1 in Air Magic
  1061 | D:2      | Found a burning altar of Makhleb.
  1081 | D:2      | Reached XP level 4. HP: 13/24 MP: 0/10
  1391 | D:3      | Noticed a water elemental
  1393 | D:3      | Found a stormy altar of Qazlal.
  1394 | D:3      | Noticed an air elemental
  1394 | D:3      | Noticed a fire elemental
  1394 | D:3      | Noticed an earth elemental
  1399 | D:3      | Became a worshipper of Qazlal Stormbringer
  1414 | D:3      | Noticed Ijyb
  1425 | D:3      | Killed Ijyb
  1425 | D:3      | Gained mutation: You can fly continuously. [Tengu growth]
  1425 | D:3      | Reached XP level 5. HP: 28/28 MP: 1/11
  1592 | D:3      | Found a runed translucent door.
  1593 | D:3      | Noticed Crazy Yiuf
  1622 | D:3      | Killed Crazy Yiuf
  1638 | D:3      | Learned a level 3 spell: Mephitic Cloud
  1642 | D:3      | Learned a level 3 spell: Ignite Poison
  1759 | D:3      | Noticed Terence
  1773 | D:3      | Killed Terence
  1777 | D:3      | Reached skill level 1 in Fire Magic
  1979 | D:4      | Reached skill level 4 in Spellcasting
  1979 | D:4      | Reached XP level 6. HP: 25/32 MP: 3/13
  1996 | D:4      | Reached skill level 1 in Conjurations
  2107 | D:4      | Noticed Blork the orc
  2121 | D:4      | Killed Blork the orc
  2261 | D:4      | Reached XP level 7. HP: 29/36 MP: 2/15
  2376 | D:4      | Reached * piety under Qazlal
  2401 | D:4      | Noticed Robin
  2405 | D:4      | Reached skill level 5 in Spellcasting
  2489 | D:4      | Noticed Menkaure
  2494 | D:4      | Noticed Eustachio
  2496 | D:4      | Killed Menkaure
  2503 | D:4      | Killed Eustachio
  2672 | D:4      | Found a shattered altar of Ashenzari.
  2725 | D:5      | Entered Level 5 of the Dungeon
  2809 | D:5      | Reached skill level 1 in Short Blades
  2869 | D:5      | Reached XP level 8. HP: 39/42 MP: 4/17
  3139 | D:5      | Reached ** piety under Qazlal
  3139 | D:5      | Reached skill level 6 in Spellcasting
  3177 | D:5      | Found a staircase to the Ecumenical Temple.
  3683 | D:6      | Noticed Prince Ribbit
  3696 | D:6      | Killed Prince Ribbit
  3696 | D:6      | Reached skill level 1 in Transmutations
  3784 | D:6      | Found a shadowy altar of Dithmenos.
  3966 | D:6      | Reached XP level 9. HP: 44/46 MP: 12/20
  4090 | D:6      | Reached skill level 1 in Fighting
  4157 | D:6      | Reached skill level 7 in Spellcasting
  4436 | D:7      | Reached skill level 5 in Air Magic
  4524 | D:7      | Noticed Maggie
  4532 | D:7      | Killed Maggie
  4951 | D:7      | Reached *** piety under Qazlal
  5027 | D:7      | Reached skill level 8 in Spellcasting
  5376 | D:8      | Reached skill level 1 in Long Blades
  5376 | D:8      | Reached XP level 10. HP: 51/53 MP: 9/23
  5569 | D:8      | Reached skill level 1 in Polearms
  5573 | D:8      | Learned a level 2 spell: Searing Ray
  5578 | D:8      | Learned a level 4 spell: Olgreb's Toxic Radiance
  5771 | D:4      | Killed Robin
  6489 | D:9      | Noticed a two-headed ogre
  6496 | D:9      | Killed a two-headed ogre
  6496 | D:9      | Reached skill level 5 in Poison Magic
  6511 | D:8      | Reached skill level 9 in Spellcasting
  6610 | D:9      | HP: 1/53 [bullfrog (3)]
  6610 | D:9      | Demolished by an ogre

Levels and vault maps discovered:
D:1:      ncdulo_wetmaze, layout_rooms, minmay_gold_behind_fungi,
          minmay_misc_feat_iff
D:2:      layout_rooms, makhleb_heckhound_becter, first_ration
D:3:      layout_basic, nicolae_qazlal_style_of_elements, uniq_terence,
          uniq_ijyb, uniq_crazy_yiuf_cottage
D:4:      layout_cave_pools, ashenzari_altar_1, uniq_blork_the_orc,
          uniq_menkaure, uniq_robin, uniq_eustachio
D:5:      layout_loops_ring, minmay_temple_entry_mini_moons
D:6:      layout_loops_ring, grunt_dithmenos_smoke_and_mirrors,
          minmay_misc_feat_pillars, minmay_misc_feat_room, uniq_prince_ribbit1
D:7:      layout_loops_ring, serial_glass, glass_columns_b, glass_columns_a,
          uniq_maggie
D:8:      layout_layer_cave
D:9:      layout_basic, trog_eyes_of_draining, overflow_temple_1_default,
          lair_entry_dummy

Skill      XL: |  1  2  3  4  5  6  7  8  9 10 |
---------------+-------------------------------+-----
Spellcasting   | 3 4 5 6 8 9 |  9.0
Armour         | 1 2 3 4 |  4.2
Air Magic      | 1 2 3 4 6 |  6.6
Fire Magic     | 1 2 3 |  3.6
Conjurations   | 2 3 4 |  4.3
Dodging        | 3 4 |  4.1
Short Blades   | 1 3 4 |  4.7
Transmutations | 1 |  1.3
Fighting       | 1 2 |  2.0
Poison Magic   | 4 5 |  5.4
Long Blades    | 1 |  1.3
Polearms       | 1 |  1.9
Throwing       | |  0.9
Stealth        | |  2.0

Action                   |  1- 3 |  4- 6 |  7- 9 | 10-12 || total
-------------------------+-------+-------+-------+-------++-------
Melee: Dagger            |    27 |    51 |    61 |       ||   139
       Kick              |     4 |    10 |    56 |    18 ||    88
       Peck              |     4 |     7 |    31 |    14 ||    56
       Rapier            |       |       |   115 |       ||   115
       Long sword        |       |       |    33 |    13 ||    46
       Trident           |       |       |       |    55 ||    55
Throw: Dart              |       |     9 |     8 |     1 ||    18
 Cast: Sting             |     8 |       |       |       ||     8
       Poisonous Vapours |    25 |    41 |   107 |    29 ||   202
       Mephitic Cloud    |       |     3 |    14 |     6 ||    23
       Ignite Poison     |       |     1 |    11 |     5 ||    17
       Searing Ray       |       |       |       |     1 ||     1
  Use: Scroll            |       |     5 |     3 |     1 ||     9
 Stab: Sleeping          |       |     3 |       |       ||     3
       Confused          |       |       |     3 |       ||     3
  Eat: Chunk             |     1 |     6 |    12 |     5 ||    24
Armor: Robe              |    13 |       |       |       ||    13
       Leather armour    |       |    16 |    28 |       ||    44
       Steam dragon scal |       |       |    15 |    15 ||    30
Dodge: Dodged            |    30 |    37 |   121 |    41 ||   229
Block: Other             |       |       |    18 |    12 ||    30
       Rpst.: Long sword |       |       |    10 |     3 ||    13

Table legend:
 A = Non-vault XP
 B = Vault XP
 C = Vault XP percentage of total XP
 D = Non-vault monster count
 E = Vault monster count
 F = Vault count percentage of total count
                 A         B        C        D         E       F
            +---------+---------+-------+---------+---------+-------
      Total |    5740 |    1202 |  17.3 |     167 |      22 |  11.6
            +---------+---------+-------+---------+---------+-------
        D:1 |      10 |       0 |   0.0 |       6 |       0 |   0.0
        D:2 |      58 |      45 |  43.7 |      19 |       1 |   5.0
        D:3 |      82 |     113 |  57.9 |      17 |       3 |  15.0
        D:4 |     387 |     397 |  50.6 |      20 |      16 |  44.4
        D:5 |     918 |       0 |   0.0 |      27 |       0 |   0.0
        D:6 |     573 |     268 |  31.9 |      17 |       1 |   5.6
        D:7 |    1029 |     379 |  26.9 |      31 |       1 |   3.1
        D:8 |    1811 |       0 |   0.0 |      27 |       0 |   0.0
        D:9 |     872 |       0 |   0.0 |       3 |       0 |   0.0
            +---------+---------+-------+---------+---------+-------
